| TOP OF THE 1ST |
|
Eugene Emeralds batting - Pitching for Spokane Indians : LHP Joe Hesketh
|
|
Pitching: LHP Joe Hesketh
|
|
|
Batting: LHB James Peters
|
0-0: Called Strike 0-1: Ball 1-1: Ball 2-1: Called Strike 2-2: Fly out, F8 (Flyball, 8RM, EV 78.8 MPH)
|
|
Batting: LHB Ty Gainey
|
0-0: Foul Ball, location: 2F 0-1: Foul Ball, location: 2F 0-2: Ball 1-2: Ball 2-2: Fly out, F7 (Line Drive, 7, EV 98.1 MPH)
|
|
Batting: LHB Randy Bush
|
0-0: Foul Ball, location: 2F 0-1: Ball 1-1: SINGLE (Groundball, 6MD, EV 96.3 MPH)
|
|
Batting: LHB Dave Revering
|
0-0: Called Strike 0-1: Fly out, F8 (Flyball, 8LM, EV 83.8 MPH)
|
| Top of the 1st over - 0 runs, 1 hit, 0 errors, 1 left on base; Eugene 0 - Spokane 0 |
| BOTTOM OF THE 1ST |
|
Spokane Indians batting - Pitching for Eugene Emeralds : RHP Armando Gutierrez
|
|
Pitching: RHP Armando Gutierrez
|
|
|
Batting: SHB Jose Oquendo
|
0-0: Called Strike 0-1: Ball 1-1: DOUBLE (Flyball, 78D, EV 112.5 MPH)
|
|
Batting: LHB Stu Pederson
|
0-0: Ball 1-0: Ball 2-0: SINGLE (Groundball, 6MD, EV 107.5 MPH) Jose Oquendo to third Runner from 3rd tries for Home, SAFE, throw by CF to home
|
|
Batting: LHB Dave Stockstill
|
0-0: Ball 1-0: Called Strike 1-1: Swinging Strike 1-2: Ball 2-2: Ball 3-2: Foul Ball, location: 2F 3-2: Strikes out swinging Stu Pederson steals 2nd base Batter strikes out.
|
|
Batting: RHB Craig Landis
|
0-0: Called Strike 0-1: Ball 1-1: Ball 2-1: Ball 3-1: Base on Balls
|
|
Batting: RHB John Almon
|
0-0: Called Strike 0-1: Swinging Strike 0-2: Ball 1-2: Strikes out swinging
|
|
Batting: RHB John Hanley
|
0-0: Fly out, F9 (Flyball, 9LD, EV 85.0 MPH)
|
| Bottom of the 1st over - 1 run, 2 hits, 0 errors, 2 left on base; Eugene 0 - Spokane 1 |
| TOP OF THE 2ND |
|
Eugene Emeralds batting - Pitching for Spokane Indians : LHP Joe Hesketh
|
|
Batting: RHB Tim Wallach
|
0-0: Fly out, F8 (Flyball, 78D, EV 100.0 MPH)
|
|
Batting: LHB Rick Lancellotti
|
0-0: Ball 1-0: Ball 2-0: Ball 3-0: Base on Balls
|
|
Batting: LHB Milt May
|
0-0: Ball 1-0: Swinging Strike 1-1: Fly out, F8 (Flyball, 8RM, EV 85.6 MPH)
|
|
Batting: RHB Alan McDonald
|
0-0: Called Strike 0-1: Ball 1-1: Ball 2-1: Foul Ball, location: 2F 2-2: Ball 3-2: Ground out 1-3 (Groundball, 15S, EV 72.5 MPH)
|
| Top of the 2nd over - 0 runs, 0 hits, 0 errors, 1 left on base; Eugene 0 - Spokane 1 |
| BOTTOM OF THE 2ND |
|
Spokane Indians batting - Pitching for Eugene Emeralds : RHP Armando Gutierrez
|
|
Batting: RHB Larry Fobbs
|
0-0: Ground out 6-3 (Groundball, 6M, EV 105.0 MPH)
|
|
Batting: RHB Matthew Tyner
|
0-0: Called Strike 0-1: Called Strike 0-2: Ball 1-2: Strikes out looking
|
|
Batting: RHB Ty Waller
|
0-0: Ball 1-0: Called Strike 1-1: Foul Ball, location: 2F 1-2: Ball 2-2: Fly out, F8 (Flyball, 8RS, EV 81.9 MPH)
|
| Bottom of the 2nd over - 0 runs, 0 hits, 0 errors, 0 left on base; Eugene 0 - Spokane 1 |
| TOP OF THE 3RD |
|
Eugene Emeralds batting - Pitching for Spokane Indians : LHP Joe Hesketh
|
|
Batting: LHB Terry Lee
|
0-0: Called Strike 0-1: Fly out, F8 (Line Drive, 8LM, EV 106.3 MPH)
|
|
Batting: LHB James Peters
|
0-0: Ball 1-0: Swinging Strike 1-1: Called Strike 1-2: Ball 2-2: Ground out 4-3 (Groundball, 34, EV 83.1 MPH)
|
|
Batting: LHB Ty Gainey
|
0-0: Ball 1-0: Ball 2-0: Foul Ball, location: 2F 2-1: Ground out U3 (Groundball, 3, EV 78.8 MPH)
|
| Top of the 3rd over - 0 runs, 0 hits, 0 errors, 0 left on base; Eugene 0 - Spokane 1 |
| BOTTOM OF THE 3RD |
|
Spokane Indians batting - Pitching for Eugene Emeralds : RHP Armando Gutierrez
|
|
Batting: SHB Jose Oquendo
|
0-0: Ball 1-0: Ball 2-0: Ball 3-0: Base on Balls
|
|
Batting: LHB Stu Pederson
|
0-0: Ball Jose Oquendo is caught stealing 2nd base 2-6 1-0: Swinging Strike 1-1: Ball 2-1: Ball 3-1: Called Strike 3-2: Strikes out swinging
|
|
Batting: LHB Dave Stockstill
|
0-0: Fly out, F2 (Popup, 25F, EV 83.8 MPH)
|
| Bottom of the 3rd over - 0 runs, 0 hits, 0 errors, 0 left on base; Eugene 0 - Spokane 1 |
| TOP OF THE 4TH |
|
Eugene Emeralds batting - Pitching for Spokane Indians : LHP Joe Hesketh
|
|
Batting: LHB Randy Bush
|
0-0: Called Strike 0-1: Ball 1-1: Fly out, F8 (Flyball, 78XD, EV 101.9 MPH)
|
|
Batting: LHB Dave Revering
|
0-0: Swinging Strike 0-1: Swinging Strike 0-2: Strikes out swinging
|
|
Batting: RHB Tim Wallach
|
0-0: Ball 1-0: Called Strike 1-1: Ball 2-1: Swinging Strike 2-2: Foul Ball, location: 2F 2-2: Fly out, F4 (Popup, 4D, EV 55.6 MPH)
|
| Top of the 4th over - 0 runs, 0 hits, 0 errors, 0 left on base; Eugene 0 - Spokane 1 |
| BOTTOM OF THE 4TH |
|
Spokane Indians batting - Pitching for Eugene Emeralds : RHP Armando Gutierrez
|
|
Batting: RHB Craig Landis
|
0-0: Ball 1-0: Ball 2-0: Called Strike 2-1: Ball 3-1: Base on Balls
|
|
Batting: RHB John Almon
|
0-0: Ball 1-0: Ball Craig Landis steals 2nd base 2-0: Called Strike 2-1: Ball 3-1: Swinging Strike 3-2: Foul Ball, location: 2F 3-2: Strikes out swinging
|
|
Batting: RHB John Hanley
|
0-0: Ball 1-0: Foul Ball, location: 2F 1-1: Ball 2-1: Called Strike 2-2: Ball 3-2: Base on Balls
|
|
Batting: RHB Larry Fobbs
|
0-0: Called Strike 0-1: Ball 1-1: Called Strike 1-2: Grounds into double play, 6-4-3 (Groundball, 6, EV 85.0 MPH)
|
| Bottom of the 4th over - 0 runs, 0 hits, 0 errors, 1 left on base; Eugene 0 - Spokane 1 |
| TOP OF THE 5TH |
|
Eugene Emeralds batting - Pitching for Spokane Indians : LHP Joe Hesketh
|
|
Batting: LHB Rick Lancellotti
|
0-0: Called Strike 0-1: Called Strike 0-2: Ball 1-2: Ball 2-2: Ball 3-2: Base on Balls
|
|
Batting: LHB Milt May
|
0-0: Foul Ball, location: 2F 0-1: Swinging Strike 0-2: Ball 1-2: Ball 2-2: Fly out, F6 (Popup, 6M, EV 55.0 MPH)
|
|
Batting: RHB Alan McDonald
|
0-0: Called Strike 0-1: Foul Ball, location: 2F 0-2: Ball 1-2: Fly out, F7 (Flyball, 78S, EV 83.8 MPH)
|
|
Batting: LHB Terry Lee
|
0-0: Ball 1-0: Ball 2-0: Called Strike 2-1: Ball 3-1: Called Strike 3-2: Foul Ball, location: 2F 3-2: Base on Balls Rick Lancellotti to second
|
|
Batting: LHB James Peters
|
0-0: Ball 1-0: Foul Ball, location: 2F 1-1: Called Strike 1-2: Foul Ball, location: 2F 1-2: Strikes out swinging
|
| Top of the 5th over - 0 runs, 0 hits, 0 errors, 2 left on base; Eugene 0 - Spokane 1 |
| BOTTOM OF THE 5TH |
|
Spokane Indians batting - Pitching for Eugene Emeralds : RHP Armando Gutierrez
|
|
Batting: RHB Matthew Tyner
|
0-0: Fly out, F6 (Popup, 56, EV 70.6 MPH)
|
|
Batting: RHB Ty Waller
|
0-0: Called Strike 0-1: Foul Ball, location: 2F 0-2: Ball 1-2: Strikes out swinging
|
|
Batting: SHB Jose Oquendo
|
0-0: Ball 1-0: Foul Ball, location: 2F 1-1: Foul Ball, location: 2F 1-2: Foul Ball, location: 2F 1-2: Ball 2-2: Foul Ball, location: 2F 2-2: SINGLE (Groundball, 3D, EV 103.8 MPH)
|
|
Batting: LHB Stu Pederson
|
0-0: Ball Jose Oquendo is caught stealing 2nd base 2-6
|
| Bottom of the 5th over - 0 runs, 1 hit, 0 errors, 0 left on base; Eugene 0 - Spokane 1 |
| TOP OF THE 6TH |
|
Eugene Emeralds batting - Pitching for Spokane Indians : LHP Joe Hesketh
|
|
Batting: LHB Ty Gainey
|
0-0: Ball 1-0: Ball 2-0: Ball 3-0: Base on Balls
|
|
Batting: LHB Randy Bush
|
0-0: Ball 1-0: Called Strike 1-1: Called Strike 1-2: Foul Ball, location: 2F 1-2: Strikes out swinging
|
|
Batting: LHB Dave Revering
|
0-0: Fly out, F9 (Flyball, 9LD, EV 88.8 MPH)
|
|
Batting: RHB Tim Wallach
|
0-0: Called Strike Ty Gainey steals 2nd base (no throw) 0-1: Ball 1-1: Swinging Strike 1-2: Ball 2-2: Ball 3-2: DOUBLE (Flyball, 8RXD, EV 93.8 MPH) Ty Gainey scores
|
|
Batting: LHB Rick Lancellotti
|
0-0: Ball 1-0: Swinging Strike 1-1: Foul Ball, location: 2F 1-2: Foul Ball, location: 2F 1-2: Foul Ball, location: 2F 1-2: Foul Ball, location: 2F 1-2: Strikes out swinging
|
| Top of the 6th over - 1 run, 1 hit, 0 errors, 1 left on base; Eugene 1 - Spokane 1 |
| BOTTOM OF THE 6TH |
|
Spokane Indians batting - Pitching for Eugene Emeralds : RHP Armando Gutierrez
|
|
Batting: LHB Stu Pederson
|
0-0: Ground out 6-3 (Groundball, 56D, EV 105.0 MPH)
|
|
Batting: LHB Dave Stockstill
|
0-0: Swinging Strike 0-1: Ball 1-1: Foul Ball, location: 2F 1-2: Strikes out swinging
|
|
Batting: RHB Craig Landis
|
0-0: Ball 1-0: Fly out, F7 (Flyball, 7LM, EV 90.0 MPH)
|
| Bottom of the 6th over - 0 runs, 0 hits, 0 errors, 0 left on base; Eugene 1 - Spokane 1 |
| TOP OF THE 7TH |
|
Eugene Emeralds batting - Pitching for Spokane Indians : LHP Joe Hesketh
|
|
Batting: LHB Milt May
|
0-0: Ball 1-0: Ball 2-0: Ball 3-0: Base on Balls
|
|
Batting: RHB Alan McDonald
|
0-0: Bunted foul 0-1: Ball 1-1: Ball 2-1: Bunt missed! 2-2: Fly out, F2 (Popup, 23F, EV 49.4 MPH)
|
|
Batting: LHB Terry Lee
|
0-0: Ball 1-0: Called Strike 1-1: Ball 2-1: Foul Ball, location: 2F 2-2: Foul Ball, location: 2F 2-2: Fly out, F8 (Flyball, 8RD, EV 90.6 MPH)
|
|
Batting: LHB James Peters
|
0-0: Called Strike 0-1: Called Strike 0-2: Strikes out swinging
|
| Top of the 7th over - 0 runs, 0 hits, 0 errors, 1 left on base; Eugene 1 - Spokane 1 |
| BOTTOM OF THE 7TH |
|
Spokane Indians batting - Pitching for Eugene Emeralds : RHP Armando Gutierrez
|
|
Batting: RHB John Almon
|
0-0: Called Strike 0-1: Ball 1-1: Ball 2-1: Ball 3-1: Base on Balls
|
|
Batting: RHB John Hanley
|
0-0: Ball 1-0: Swinging Strike 1-1: Ball 2-1: Called Strike 2-2: Ball 3-2: Ground out 6-3 (Groundball, 6, EV 105.6 MPH) John Almon to second
|
|
Batting: RHB Larry Fobbs
|
0-0: Ball 1-0: Foul Ball, location: 2F 1-1: Ball 2-1: Foul Ball, location: 2F 2-2: Strikes out swinging
|
|
Batting: RHB Matthew Tyner
|
0-0: Fly out, F4 (Flyball, 4D, EV 81.3 MPH)
|
| Bottom of the 7th over - 0 runs, 0 hits, 0 errors, 1 left on base; Eugene 1 - Spokane 1 |
| TOP OF THE 8TH |
|
Eugene Emeralds batting - Pitching for Spokane Indians : LHP Joe Hesketh
|
|
Batting: LHB Ty Gainey
|
0-0: Ball 1-0: Called Strike 1-1: Ball 2-1: Fly out, F7 (Flyball, 78M, EV 91.3 MPH)
|
|
Batting: LHB Randy Bush
|
0-0: Fly out, F8 (Flyball, 8LM, EV 79.4 MPH)
|
|
Batting: LHB Dave Revering
|
0-0: Ball 1-0: Swinging Strike 1-1: Ground out U3 (Groundball, 3, EV 85.0 MPH)
|
| Top of the 8th over - 0 runs, 0 hits, 0 errors, 0 left on base; Eugene 1 - Spokane 1 |
| BOTTOM OF THE 8TH |
|
Spokane Indians batting - Pitching for Eugene Emeralds : RHP Armando Gutierrez
|
|
Batting: RHB Ty Waller
|
0-0: Called Strike 0-1: Fly out, F3 (Line Drive, 3, EV 75.6 MPH)
|
|
Batting: SHB Jose Oquendo
|
0-0: Called Strike 0-1: Ground out 6-3 (Groundball, 6M, EV 83.8 MPH)
|
|
Batting: LHB Stu Pederson
|
0-0: Ball 1-0: Ball 2-0: Called Strike 2-1: Foul Ball, location: 2F 2-2: Fly out, F8 (Flyball, 8RM, EV 88.8 MPH)
|
| Bottom of the 8th over - 0 runs, 0 hits, 0 errors, 0 left on base; Eugene 1 - Spokane 1 |
| TOP OF THE 9TH |
|
Eugene Emeralds batting - Pitching for Spokane Indians : LHP Joe Hesketh
|
|
Pitching: RHP Albert Williams
|
|
|
Batting: RHB Tim Wallach
|
0-0: Ball 1-0: Called Strike 1-1: Foul Ball, location: 2F 1-2: Ground out 6-3 (Groundball, 6S, EV 81.3 MPH)
|
|
Batting: LHB Rick Lancellotti
|
0-0: Called Strike 0-1: Ball 1-1: Foul Ball, location: 2F 1-2: Ball 2-2: Fly out, F9 (Flyball, 89M, EV 96.3 MPH)
|
|
Batting: LHB Milt May
|
0-0: Ball 1-0: Ball 2-0: Fly out, F9 (Flyball, 89S, EV 98.1 MPH)
|
| Top of the 9th over - 0 runs, 0 hits, 0 errors, 0 left on base; Eugene 1 - Spokane 1 |
| BOTTOM OF THE 9TH |
|
Spokane Indians batting - Pitching for Eugene Emeralds : RHP Armando Gutierrez
|
|
Pitching: RHP George Frazier
|
|
|
Batting: LHB Dave Stockstill
|
0-0: Ball 1-0: Ball 2-0: Swinging Strike 2-1: Ball 3-1: Foul Ball, location: 2F 3-2: Base on Balls
|
|
Pinch Hitting: SHB Mark Gillaspie
|
0-0: Ball 1-0: Ball 2-0: Foul Ball, location: 2F 2-1: Ball 3-1: Called Strike 3-2: Grounds into double play, 4-6-3 (Groundball, 4, EV 87.5 MPH)
|
|
Batting: RHB John Almon
|
0-0: Foul Ball, location: 2F 0-1: Ball 1-1: Foul Ball, location: 2F 1-2: Ball 2-2: Ground out 4-3 (Groundball, 4, EV 92.5 MPH)
|
| Bottom of the 9th over - 0 runs, 0 hits, 0 errors, 0 left on base; Eugene 1 - Spokane 1 |
| TOP OF THE 10TH |
|
Eugene Emeralds batting - Pitching for Spokane Indians : RHP Albert Williams
|
|
Now at 1B: Mark Gillaspie
|
|
|
Batting: RHB Alan McDonald
|
0-0: Ball 1-0: Swinging Strike 1-1: Ball 2-1: Swinging Strike 2-2: Strikes out swinging
|
|
Batting: LHB Terry Lee
|
0-0: Ground out 4-3 (Groundball, 4, EV 80.6 MPH)
|
|
Batting: LHB James Peters
|
0-0: Ball 1-0: Swinging Strike 1-1: Ball 2-1: Fly out, F8 (Flyball, 8LS, EV 90.0 MPH)
|
| Top of the 10th over - 0 runs, 0 hits, 0 errors, 0 left on base; Eugene 1 - Spokane 1 |
| BOTTOM OF THE 10TH |
|
Spokane Indians batting - Pitching for Eugene Emeralds : RHP George Frazier
|
|
Pinch Hitting: LHB Joseph Lentsch
|
0-0: Foul Ball, location: 2F 0-1: Ball 1-1: Foul Ball, location: 2F 1-2: Hit by Pitch
|
|
Batting: RHB Larry Fobbs
|
0-0: Bunt missed! 0-1: Ball 1-1: Bunt missed! 1-2: Ball 2-2: Foul Ball, location: 2F 2-2: Fly out, F9 (Flyball, 9LD, EV 98.1 MPH) Runner from 1st tags up, SAFE at 2nd
|
|
Batting: RHB Matthew Tyner
|
0-0: Ball Wild Pitch! Joseph Lentsch to third 1-0: Ball 2-0: Ball 3-0: Foul Ball, location: 2F 3-1: Base on Balls
|
|
Batting: RHB Ty Waller
|
0-0: Ball 1-0: Ball 2-0: Ball 3-0: Called Strike 3-1: Called Strike 3-2: Base on Balls Matthew Tyner to second
|
|
Batting: SHB Jose Oquendo
|
0-0: Called Strike 0-1: Ball 1-1: Called Strike 1-2: SINGLE (Groundball, 4D, EV 105.6 MPH) Joseph Lentsch scores
|
| Bottom of the 10th over - 1 run, 1 hit, 0 errors, 0 left on base; Eugene 1 - Spokane 2 |
|